 Dungeon Crawl Stone Soup version 0.29.1-2-gbd0b4ee654 (webtiles) character file.

Game seed: 695305426953987704

3463 Gabide the Grappler (level 9, -3/76 (82) HPs)
             Began as a Palentonga Monk on Nov 19, 2022.
             Was a Believer of Cheibriados.
             Shot with an arrow by a centaur (11 damage)
             ... on level 8 of the Dungeon.
             The game lasted 00:09:38 (8096 turns).

Gabide the Grappler (Palentonga Monk)               Turns: 8096, Time: 00:09:39

HP:   -3/76 (82)    AC: 18    Str: 27    XL:     9   Next: 78%
MP:   9/9           EV: 12    Int: 10    God:    Cheibriados [**....]
Gold: 406           SH:  0    Dex: 18    Spells: 8/8 levels left

rFire   . . .      SeeInvis +   j - +6 spear "Wilox" {flame, rElec rN+ Str+3 Int-4 SInv}
rCold   . . .      Faith    .   (no shield)
rNeg    + . .      Spirit   .   C - +0 acid dragon scales
rPois   .          Reflect  .   g - +2 helmet
rElec   +          Harm     .   i - +0 cloak
rCorr   +          Rampage  .   E - +0 pair of gloves
Will    .....                   (no barding)
Stlth   ++........              (no amulet)
HPRegen 0.22/turn               (no ring)
MPRegen 0.11/turn               (no ring)

@: drained, curled up, very slow
A: large, rugged brown scales 3, see invisible, deformed body, roll 1, armoured
tail, reflexive curl
a: Rolling Charge, Renounce Religion, Bend Time


You were on level 8 of the Dungeon.
You worshipped Cheibriados.
Cheibriados was pleased with you.
You visited 2 branches of the dungeon, and saw 9 of its levels.

You collected 406 gold pieces.

Inventory:

Hand Weapons
 j - the +6 spear "Wilox" (weapon) {flame, rElec rN+ Str+3 Int-4 SInv}
   (You found it on level 2 of the Dungeon)

   It burns those it strikes, dealing additional fire damage.
   Str:       It affects your strength (+3).
   Int:       It affects your intelligence (-4).
   rElec:     It insulates you from electricity.
   rN:        It protects you from negative energy.
   SInv:      It lets you see invisible.
 B - a +2 glaive of freezing
Missiles
 o - 10 boomerangs
 p - a throwing net
Armour
 g - a +2 helmet (worn)
 i - a +0 cloak (worn)
 C - +0 acid dragon scales (worn)
 E - a +0 pair of gloves (worn)
Jewellery
 v - a ring of fire
Wands
 l - a wand of light (6)
 y - a wand of digging (7)
 A - a wand of flame (11)
Scrolls
 a - a scroll of amnesia {unknown}
 b - a scroll of noise {unknown}
 c - 2 scrolls of magic mapping
 d - 5 scrolls of teleportation
 e - 2 scrolls of blinking
 h - 2 scrolls of poison
 k - 4 scrolls of fog
 m - a scroll of immolation {unknown}
 q - a scroll of acquirement {unknown}
 s - a scroll of enchant armour {unknown}
 t - a scroll of fear
 w - a scroll of silence {unknown}
 F - a scroll of vulnerability {unknown}
 G - a scroll of identify
Potions
 f - 3 potions of curing
 n - a potion of haste
 r - 4 potions of flight
 u - 2 potions of brilliance {unknown}
 x - a potion of might {unknown}
 z - a potion of attraction {unknown}
 D - a potion of invisibility {unknown}
 H - a potion of mutation {unknown}


   Skills:
 * Level 9.4 Fighting
 + Level 5.8 Dodging
 - Level 1.2 Stealth
 * Level 9.4 Unarmed Combat


You had 8 spell levels left.
You didn't know any spells.
Your spell library contained the following spells:

 Spells                   Type           Power      Damage    Failure   Level
 Foxfire                  Conj/Fire      0%         2x1d4     43%         1
 Blink                    Tloc           0%         N/A       56%         2
 Conjure Flame            Conj/Fire      0%         6-21      80%         3
 Gell's Gravitas          Tloc           0%         N/A       80%         3
 Inner Flame              Hex/Fire       0%         N/A       80%         3
 Lesser Beckoning         Tloc           0%         N/A       80%         3
 Teleport Other           Tloc           0%         N/A       80%         3
 Flame Wave               Conj/Fire      0%         2d4       99%         4
 Manifold Assault         Tloc           0%         N/A       100%        5
 Storm Form               Tmut/Air       0%         N/A       100%        7


Dungeon Overview and Level Annotations

Branches:
Dungeon (8/15)             Temple (1/1) D:7
   Lair: D:8-11

Altars:
Cheibriados
Dithmenos
Elyvilon
Fedhas
Gozag
Kikubaaqudgha
Nemelex Xobeh
Okawaru
Qazlal
Ru
Sif Muna
Trog
Uskayaw
Vehumet
Xom
The Shining One

Shops:
D:8 !=


Innate Abilities, Weirdness & Mutations

You are completely covered in rugged brown scales. (AC +3, +7% HP)
You have supernaturally acute eyesight. (SInv)
Armour fits poorly on your strangely shaped body.
You can roll at nearby foes to attack.
You have a long armoured tail.
You curl defensively after being hit. (AC +7*)


Message History

You are too injured to fight recklessly!
You are too injured to fight recklessly!
You are too injured to fight recklessly!
You are too injured to fight recklessly!
You are too injured to fight recklessly!
You are too injured to fight recklessly!
Unknown command.
You puncture the wight! You burn the wight.
The wight is heavily damaged.
The centaur shoots an arrow.
The arrow hits you but does no damage. The wight hits you with a +0 war axe!
You partially resist.
You feel drained.
You closely miss the wight. Your punch misses the wight.
The wight is heavily damaged.
The centaur shoots an arrow.
The arrow barely misses you.
A wight comes into view. It is wielding a +2 falchion.
The wight misses you.
You hit the wight. You burn the wight.
Your tail-slap misses the wight.
The wight is severely damaged.
The centaur shoots an arrow.
The arrow hits you.
A wight comes into view. It is wielding a +5 hand axe.
The wight hits you but does no damage.
The centaur shoots an arrow.
The arrow hits you.
You hit the wight but do no damage.
The wight is severely damaged.
The centaur shoots an arrow.
The arrow hits you.
* * * LOW HITPOINT WARNING * * *
A wight comes into view.
It is wielding a +3 flail of freezing and wearing a +2 robe of cold resistance.
The wight misses you. The wight attacks as you move away! The wight misses you.
The centaur shoots an arrow.
The arrow misses you.
The centaur shoots an arrow.
The arrow hits you.
* * * LOW HITPOINT WARNING * * *
The wight hits you but does no damage.
The centaur shoots an arrow.
The arrow hits you but does no damage.
A wight comes into view. It is wielding a +1 trident.
The centaur shoots an arrow.
The arrow closely misses you. The wight attacks as you move away!
The wight hits you with a +0 war axe!
* * * LOW HITPOINT WARNING * * *
The centaur shoots an arrow.
The arrow hits you!
You die...

#...8....... #...
##..........# .....#
#....8.z..c.###..... #
#......z........... # ##
#...z...).....# #.##
#.....)zz.# ###...
#.....##..# ..... #..z###
# . #...##@### # #...'∩'.#
.. # #...#'#...... #.##
#..†..#...... #...
##....#####.. .##..
#####....####..##.......
##....~≈~≈#.##...#.8.8...
##.....#≈~≈~..............
#......#..≈≈~#..#...8....#


You could see a centaur and 6 wights.

Vanquished Creatures
  Maggie (D:6)
  Grinder (D:5)
  A wraith (D:8)
  Eustachio (D:5)
  2 wyverns
  2 steam dragons (D:7)
  An ice beast (D:8)
  2 sky beasts
  2 ogres (D:6)
  2 kobold brigands
  2 phantoms
  4 bullfrogs
  2 necrophages
  2 scorpions (D:4)
  4 wights
  5 hounds
  2 jellies
  3 orc priests
  5 iguanas
  5 orc wizards
  3 gnolls (D:5)
  4 adders
  A shadow imp (D:7)
  An ufetubus (D:7)
  2 worms
  2 dart slugs
  20 orcs
  7 endoplasms
  4 giant cockroaches
  6 goblins
  6 hobgoblins
  18 kobolds
  3 quokkas (D:2)
  4 ball pythons
  2 bats
  A frilled lizard (D:2)
133 creatures vanquished.

Vanquished Creatures (others)
  An orc (D:5)
1 creature vanquished.

Grand Total: 134 creatures vanquished

Notes
Turn   | Place    | Note
-------+----------+-------------------------------------------
     0 | D:1      | Gabide the Palentonga Monk began the quest for the Orb.
     0 | D:1      | Reached XP level 1. HP: 19/19 MP: 1/1
   381 | D:1      | Reached XP level 2. HP: 25/25 MP: 2/2
   866 | D:2      | Reached XP level 3. HP: 28/31 MP: 3/3
   868 | D:2      | Identified the +6 spear "Wilox" {flame, rElec rN+ Str+3
                  | Int-4 SInv}
  1335 | D:2      | Found a faded altar of an unknown god.
  1590 | D:3      | Found a shimmering blue altar of Sif Muna.
  1607 | D:3      | Found a white marble altar of Elyvilon.
  1664 | D:3      | Found a blossoming altar of Fedhas.
  1722 | D:3      | Found a sacrificial altar of Ru.
  1995 | D:4      | Reached XP level 4. HP: 25/39 MP: 4/4
  2202 | D:4      | Noticed a sky beast
  2209 | D:4      | Killed a sky beast
  2210 | D:4      | Reached XP level 5. HP: 41/46 MP: 5/5
  2279 | D:4      | Found a radiant altar of Vehumet.
  2281 | D:4      | Noticed a phantom
  2282 | D:4      | Reached XP level 6. HP: 53/53 MP: 6/6
  2286 | D:4      | Found an iron altar of Okawaru.
  2287 | D:4      | You fall into a shaft and drop 2 floors!
  2327 | D:6      | Reached skill level 5 in Fighting
  2327 | D:6      | Reached skill level 5 in Unarmed Combat
  2526 | D:6      | Noticed a +0 hand axe
  2526 | D:6      | Noticed a +0 hand axe
  2529 | D:6      | Found a hide-covered altar of Uskayaw.
  2593 | D:5      | Entered Level 5 of the Dungeon
  2897 | D:4      | Gained mutation: You curl defensively after being hit. (AC
                  | +7*) [Palentonga growth]
  2897 | D:4      | Reached XP level 7. HP: 44/59 MP: 7/7
  3571 | D:5      | Noticed a fire elemental
  3573 | D:5      | Found a stormy altar of Qazlal.
  3580 | D:5      | Noticed Eustachio
  3663 | D:5      | Killed Eustachio
  3664 | D:5      | Reached XP level 8. HP: 33/69 MP: 8/8
  3888 | D:5      | Noticed Grinder
  3894 | D:5      | Killed Grinder
  4080 | D:5      | Noticed an air elemental
  4831 | D:6      | Noticed Maggie
  4842 | D:6      | Killed Maggie
  5103 | D:6      | Reached skill level 5 in Dodging
  5437 | D:7      | Reached XP level 9. HP: 79/79 MP: 9/9
  5640 | D:7      | Found a bloodstained altar of Trog.
  5991 | D:7      | Found a staircase to the Ecumenical Temple.
  6003 | Temple   | Entered the Ecumenical Temple
  7981 | D:8      | Found a snail-covered altar of Cheibriados.
  7991 | D:8      | Became a worshipper of Cheibriados the Contemplative
  7991 | D:8      | Reached * piety under Cheibriados
  7991 | D:8      | Reached ** piety under Cheibriados
  8039 | D:8      | Found Cupn's Jewellery Shoppe.
  8068 | D:8      | Found Qifepra's Distillery.
  8096 | D:8      | Shot with an arrow by a centaur

Illustrated notes

Levels and vault maps discovered:
D:1:      lightli_arrival_flooded_house, layout_rooms,
          chequers_serial_rivers_large_a, minmay_tromino_v7
D:2:      layout_rooms, hellmonk_ecumenical_altar_inner_sanctum, minmay_puff
D:3:      layout_rooms, fedhas_altar_1, mainiacjoe_overflow_catch_the_wave,
          lemuel_coloured_pillars_altar
D:4:      layout_rooms, okawaru_metal_pillars_1_2,
          nicolae_overflow_crystal_walls
D:5:      layout_cave_pools, nicolae_qazlal_style_of_elements,
          lemuel_flame_loot_1, uniq_grinder, uniq_eustachio
D:6:      layout_loops_ring, dancing_weapons_uskayaw, uniq_maggie
D:7:      layout_loops_cross, mainiacjoe_overflow_small_starburst,
          minmay_temple_entry_drinking_statues
D:8:      layout_cave_pools, slow_altar_1, zin_angel, serial_shops,
          nicolae_shop_behind_doors, shop, shop_fountains, serial_column_ruins,
          column_ruins_hut_ruined, column_ruins_open_tiny, column_ruins_grid_2,
          column_ruins_open_tiny_water, column_ruins_columns_T,
          column_ruins_grid_1, column_ruins_open_medium, column_ruins_grid_3
Temple:   hellmonk_temple_beads

Skill      XL: |  1  2  3  4  5  6  7  8  9 |
---------------+----------------------------+-----
Fighting       | 4 5 6 8 9 |  9.4
Unarmed Combat | 4 5 6 8 9 |  9.4
Dodging        | 3 4 5 |  5.8
Stealth        | |  1.2

Action                   |  1- 3 |  4- 6 |  7- 9 || total
-------------------------+-------+-------+-------++-------
Melee: Unarmed           |    68 |       |       ||    68
       Tailslap          |     7 |     9 |    36 ||    52
       Punch             |     1 |     2 |    12 ||    15
       Spear             |    30 |    65 |   246 ||   341
 Abil: Rolling Charge    |    33 |    19 |    44 ||    96
  Use: Scroll            |     1 |     5 |     5 ||    11
       Potion            |       |       |     2 ||     2
 Stab: Sleeping          |       |       |     1 ||     1
Armor: Robe              |    27 |    17 |    79 ||   123
       Acid dragon scale |       |       |   117 ||   117
Dodge: Dodged            |    44 |    21 |   258 ||   323
